 Dungeon Crawl Stone Soup version 0.30-a0-728-gc68057be0a (webtiles) character file.

Game seed: 16098109208498074435

541 browni3141 the Digger (level 7, -5/48 HPs)
             Began as a Human Earth Elementalist on Jan 30, 2023.
             Succumbed to a killer bee's poison
             ... on level 4 of the Dungeon.
             The game lasted 00:05:55 (4261 turns).

browni3141 the Digger (Human Earth Elementalist)    Turns: 4261, Time: 00:05:56

Health: -5/48      AC:  2    Str:  6 (8)  XL:     7   Next: 52%
Magic:  3/10       EV: 12    Int: 14 (17) God:
Gold:   135        SH:  0    Dex: 12 (14) Spells: 0/10 levels left

rFire   . . .      SeeInvis .    l - +0 short sword
rCold   . . .      Faith    .    (no shield)
rNeg    . . .      Spirit   .    a - +0 robe
rPois   .          Reflect  .    (no helmet)
rElec   .          Harm     .    (no cloak)
rCorr   .          Rampage  .    (no gloves)
Will    .....                    (no boots)
Stlth   ++                       (no amulet)
HPRegen 0.28/turn                (no ring)
MPRegen 0.12/turn                (no ring)

@: lethally poisoned (-5 -> -29), weak-willed
A: no striking features
a: no special abilities


You were on level 4 of the Dungeon.
You visited 1 branch of the dungeon, and saw 4 of its levels.

You collected 135 gold pieces.

Inventory:

Hand Weapons
 h - a +0 dagger
 k - a +0 rapier
 l - a +0 short sword (weapon)
Missiles
 i - 11 poisoned darts
Armour
 a - a +0 robe (worn)
 c - a +0 buckler
Scrolls
 d - a scroll of vulnerability
 m - 6 scrolls of identify
 n - a scroll of amnesia
 o - a scroll of enchant armour {unknown}
 p - a scroll of blinking {unknown}
Potions
 b - a potion of magic
 e - 4 potions of degeneration
 f - 2 potions of heal wounds {unknown}
 g - a potion of mutation {unknown}
 j - 4 potions of curing {unknown}


   Skills:
 - Level 1.0 Fighting
 - Level 2.0 Dodging
 - Level 2.0 Stealth
 * Level 2.2 Spellcasting
 - Level 3.0 Conjurations
 * Level 2.2 Transmutations
 * Level 6.4 Earth Magic
 - Level 2.0 Evocations


You couldn't memorise any spells.
You knew the following spells:

 Your Spells              Type           Power      Damage    Failure   Level
a - Sandblast             Erth           38%        2d10      1%          1
b - Passwall              Tmut/Erth      10%        N/A       6%          2
c - Stone Arrow           Conj/Erth      28%        3d8       10%         3
d - Petrify               Tmut/Erth      13%        N/A       36%         4

Your spell library contained the following spells:

 Spells                   Type           Power      Damage    Failure   Level


Dungeon Overview and Level Annotations

Branches:
Dungeon (4/15)
 Temple: D:4-7

Altars:
Dithmenos

Annotations:
D:2 Sigmund
D:4 3 runed translucent doors, valliere's ghost, novice GnVM


Message History

The scorpion misses you. The scorpion closely misses you.
The blast of sand hits the scorpion.
The scorpion is heavily wounded.
The scorpion stings you. The scorpion misses you.
The blast of sand hits the scorpion!
You kill the scorpion!
You hear the quick rusting of a very distant drain.
You can't see any susceptible monsters within range! (Use Z to cast anyway.)
A killer bee comes into view.
A killer bee comes into view.
The killer bee buzzes angrily.
You hear an angry buzzing noise.
A phantom comes into view.
A killer bee comes into view.
The blast of sand hits the killer bee!
The killer bee is severely wounded.
The killer bee stings you!
You are poisoned.
The killer bee poisons you! The killer bee stings you.
The killer bee misses you.
As you read the scroll labelled ORUIZE ABLI, it crumbles to dust.
Magic quickly surges around you.
It was a scroll of vulnerability.
You feel sick. The killer bee barely misses you. The killer bee stings you. x2
* * * LOW HITPOINT WARNING * * *
You are lethally poisoned!
The killer bee poisons you!
As you read the scroll labelled CORAOCR POPUL, it crumbles to dust.
It is a scroll of identify.
n - a scroll of amnesia
* * * LOW HITPOINT WARNING * * *
You feel very sick. The killer bee misses you.
The killer bee barely misses you. The killer bee misses you.
The killer bee stings you but does no damage.
The killer bee stings you!
* * * LOW HITPOINT WARNING * * *
You are more poisoned.
The killer bee poisons you!
It was a potion of degeneration.
There was something very wrong with that liquid.
You feel weakened.
You feel dopey.
You feel clumsy.
You die...

#####..........
....###'## #...#######
..........
#...#########..........
#......................
#......................
#............####......
#............# #......
####.........# #......
#.y@......# #......
#.yy................
.................#####
..........W..... ..
#... ................
###... ....#...........
#..... ....#...##......
#..... #.. #...# .....
#..... #.....


You could see a phantom (weak-willed) and 3 killer bees.

Vanquished Creatures
  Grinder (D:4)
  A necrophage (D:4)
  A scorpion (D:4)
  2 orc priests (D:3)
  An orc wizard (D:3)
  5 adders
  A worm (D:2)
  3 dart slugs
  16 orcs
  5 bats
  3 endoplasms
  4 giant cockroaches
  5 goblins
  4 hobgoblins
  5 kobolds
  4 quokkas
  5 ball pythons
  4 frilled lizards
  4 rats
74 creatures vanquished.

Notes
Turn   | Place    | Note
-------+----------+-------------------------------------------
     0 | D:1      | browni3141 the Human Earth Elementalist began the quest for
                  | the Orb.
     0 | D:1      | Reached XP level 1. HP: 13/13 MP: 3/3
    34 | D:1      | Reached skill level 1 in Fighting
   254 | D:1      | Reached XP level 2. HP: 21/21 MP: 1/5
   634 | D:1      | Reached XP level 3. HP: 21/26 MP: 2/6
   750 | D:1      | Found a shadowy altar of Dithmenos.
   805 | D:2      | Noticed Sigmund
  1000 | D:2      | Reached skill level 4 in Earth Magic
  1289 | D:2      | Reached XP level 4. HP: 29/32 MP: 2/7
  2401 | D:3      | Reached skill level 5 in Earth Magic
  2490 | D:3      | Learned a level 2 spell: Passwall
  2494 | D:3      | Learned a level 3 spell: Stone Arrow
  2838 | D:3      | Reached XP level 5. HP: 36/37 MP: 5/8
  3003 | D:3      | Reached skill level 1 in Conjurations
  3723 | D:3      | Reached XP level 6. HP: 43/43 MP: 6/9
  3932 | D:4      | Found a runed translucent gate.
  3933 | D:4      | Found a runed translucent gate.
  3934 | D:4      | Found a runed translucent gate.
  4006 | D:4      | Noticed valliere's ghost (novice GnVM)
  4008 | D:4      | Identified the +5 dagger "Ykhu" {antimagic, rN+}
  4008 | D:4      | Identified the +1 chain mail "Kurghim Togi" {Str+3}
  4019 | D:4      | Reached skill level 1 in Evocations
  4143 | D:4      | Noticed Grinder
  4155 | D:4      | Killed Grinder
  4156 | D:4      | Reached skill level 6 in Earth Magic
  4156 | D:4      | Reached XP level 7. HP: 45/48 MP: 6/10
  4161 | D:4      | Learned a level 4 spell: Petrify
  4260 | D:4      | HP: 1/48 [killer bee (9)]
  4261 | D:4      | Succumbed to a killer bee's poison

Illustrated notes

Levels and vault maps discovered:
D:1:      dpeg_arrival_water_altar, layout_rooms, kennysheep_crisscross,
          kennysheep_nondescript
D:2:      layout_loops_ring, serial_forest, infiniplex_forest_corner_1,
          infiniplex_forest_corner_1, infiniplex_forest_end_double,
          infiniplex_forest_clump_medium, infiniplex_forest_corner_2,
          infiniplex_forest_pool, infiniplex_forest_straight_3,
          infiniplex_forest_clump_small, uniq_sigmund
D:3:      cheibrodos_pilgrimage, layout_loops_ring
D:4:      layout_basic, kennysheep_orc_sif_temple, portal_sewer_entry_e,
          biasface_ghost_orc_armoury, uniq_grinder

Skill      XL: |  1  2  3  4  5  6 |
---------------+-------------------+-----
Fighting       | 1 |  1.0
Earth Magic    | 4 5 6 |  6.4
Conjurations   | 1 3 |  3.0
Transmutations | 2 |  2.2
Evocations     | 2 |  2.0
Dodging        | |  2.0
Stealth        | |  2.0
Spellcasting   | |  2.2

Action                     |  1- 3 |  4- 6 |  7- 9 || total
---------------------------+-------+-------+-------++-------
  Melee: Unarmed           |     1 |       |       ||     1
         Dagger            |     1 |       |       ||     1
         Short sword       |       |    28 |       ||    28
   Cast: Sandblast         |    35 |    64 |    12 ||   111
         Stone Arrow       |       |     1 |       ||     1
  Evoke: Wand              |       |     7 |       ||     7
    Use: Scroll            |     1 |     1 |     2 ||     4
         Potion            |       |       |     1 ||     1
   Stab: Sleeping          |     1 |     1 |       ||     2
 Armour: Robe              |     1 |    11 |     2 ||    14
  Dodge: Dodged            |    14 |    37 |     9 ||    60

Table legend: (Time is in decaauts)
 A = Elapsed time spent in this place.
 B = Non-inter-level travel time spent in this place.
 C = Inter-level travel time spent in this place.
 D = Time resting spent in this place.
 E = Time spent auto-exploring this place.
 F = Levels seen in this place.
 G = Mean time per level.
                   A        B        C        D        E       F      G
               +--------+--------+--------+--------+--------+-----+--------+
         Total |   4317 |   4244 |     73 |    162 |   3492 |   4 | 1079.2 |
       Dungeon |   4317 |   4244 |     73 |    162 |   3492 |   4 | 1079.2 |
               +--------+--------+--------+--------+--------+-----+--------+

Top non-repeatable levels by time:
     D:3: 1881 daAuts
     D:2: 1162 daAuts
     D:1: 807 daAuts
     D:4: 465 daAuts
